 Dungeon Crawl Stone Soup version 0.30-a0-371-gad7725a93e (webtiles) character file.

Game seed: 7438166746035062104

148 Zonian the Magician (level 5, -2/35 HPs)
             Began as a Djinni Ice Elementalist on Nov 22, 2022.
             Killed from afar by an orc wizard (7 damage)
             ... with a magic dart
             ... on level 4 of the Dungeon.
             The game lasted 00:04:50 (3092 turns).

Zonian the Magician (Djinni Ice Elementalist)       Turns: 3092, Time: 00:04:51

Health: -2/35      AC:  2    Str:  7    XL:     5   Next: 56%
Gold:   156        EV: 12    Int: 18    God:
                   SH:  0    Dex: 14

rFire   + + .      SeeInvis .    i - +0 dagger
rCold   x . .      Faith    .    (no shield)
rNeg    . . .      Spirit   .    a - +0 robe
rPois   ∞          Reflect  .    (no helmet)
rElec   .          Harm     .    (no cloak)
rCorr   .          Rampage  .    (no gloves)
Will    .....                    (boots unavailable)
Stlth   ++........               (no amulet)
HPRegen 0.25/turn                (no ring)
MPRegen 0.00/turn                (no ring)

@: freezing walls, flying, very slightly contaminated
A: sickness immunity, fire resistance 2, cold vulnerability 1, float, innate
caster, HP casting, extra vitality 1
a: no special abilities


You were on level 4 of the Dungeon.
You visited 1 branch of the dungeon, and saw 4 of its levels.

You collected 156 gold pieces.

Inventory:

Hand Weapons
 i - a +0 dagger (weapon)
 t - a +2 dagger of venom
 A - a +0 rapier
Missiles
 s - a throwing net
 v - 7 poisoned darts
Armour
 a - a +0 robe (worn)
Jewellery
 l - a ring of protection from fire
 r - a ring of positive energy
Wands
 y - a wand of mindburst (20)
 z - a wand of quicksilver (7)
Scrolls
 b - a scroll of poison {unknown}
 e - 2 scrolls of amnesia {unknown}
 f - 2 scrolls of enchant armour {unknown}
 h - 4 scrolls of identify {unknown}
 k - a scroll of magic mapping {unknown}
 m - a scroll of brand weapon {unknown}
 n - a scroll of butterflies {unknown}
 o - a scroll of vulnerability {unknown}
 p - a scroll of noise {unknown}
 q - a scroll of enchant weapon {unknown}
 u - 2 scrolls of teleportation {unknown}
Potions
 c - a potion of cancellation {unknown}
 d - a potion of magic {unknown}
 g - 2 potions of attraction {unknown}
 j - a potion of brilliance {unknown}
 w - a potion of haste {unknown}
 x - a potion of degeneration {unknown}


   Skills:
 - Level 2.5 Dodging
 - Level 1.9 Stealth
 + Level 4.8 Spellcasting


You couldn't memorise any spells.
You knew the following spells:

 Your Spells              Type           Power      Damage    Failure   Level
a - Freeze                Ice            84%        1d9       1%          1
b - Frozen Ramparts       Ice            42%        1d7       5%          3
c - Ozocubu's Armour      Ice            21%        N/A       5%          3
d - Summon Ice Beast      Ice/Summ       21%        N/A       19%         4
e - Beastly Appendage     Tmut           42%        N/A       1%          1
f - Passwall              Tmut/Erth      17%        N/A       2%          2
Your spell library was empty.

Dungeon Overview and Level Annotations

Branches:
Dungeon (4/15)
 Temple: D:4-7

Altars:
Gozag

Shops:
D:2 (

Annotations:
D:4 1 runed translucent door, flotson's ghost, amateur DsDe


Innate Abilities, Weirdness & Mutations

You are immune to sickness and miasma.
You are immune to poison.
Your flesh is very heat resistant. (rF++)
You are vulnerable to cold. (rC-)
You float through the air rather than walking.
You learn spells naturally, not from books.
Your magical power is your life essence.
You have superior vitality. (+4 MHP)


Message History

The endoplasm is severely wounded.
The endoplasm freezes you.
You are frozen.
You feel a terrible chill! The endoplasm attacks as you move away!
The endoplasm hits you but does no damage.
The orc wizard gestures at you while chanting.
The magic dart hits you! The endoplasm attacks as you move away!
The endoplasm hits you.
Unknown command.
You hit the endoplasm but do no damage.
The endoplasm is severely wounded.
The endoplasm freezes you.
You are frozen.
You feel a terrible chill!
You hit the endoplasm.
The endoplasm is almost dead.
The endoplasm barely misses you.
Unknown command.
Casting: Frozen Ramparts (dangerous; 5% risk of failure)
Confirm with . or Enter, or press ? or * to list all spells.
Casting: Frozen Ramparts (dangerous; 5% risk of failure)
Press: ? - help, Dir - look around, f - activate You miscast Frozen Ramparts.
You are very lightly contaminated with residual magic.
Nothing appears to happen.
* * * LOW HITPOINT WARNING * * *
The endoplasm hits you.
* * * LOW HITPOINT WARNING * * *
Unknown command.
Casting: Frozen Ramparts (dangerous; 5% risk of failure)
Confirm with . or Enter, or press ? or * to list all spells.
Casting: Frozen Ramparts (dangerous; 5% risk of failure)
Press: ? - help, Dir - look around, f - activate The walls around you are covered in ice.
* * * LOW HITPOINT WARNING * * *
The wall freezes the endoplasm.
You kill the endoplasm!
The wall freezes the orc wizard.
The orc wizard casts a spell at you. The magic dart hits you!
You die...

#.o# #..# o.##### #.#
#o#...
###.#########.#.######
#.#.#................#
#.#.#.#######.#o####.#
#.#.#.# #.#.# ##.#.#.#
#.#@# ##.#.#.# #.#.#
##'#'#.# #.#.#
.......# #.#.#
.......# #.#.#
.......# #.# .......#
#.# .....[.# #..
.......#


You could see an orc wizard.

Vanquished Creatures
  An iguana (D:4)
  An orc wizard (D:4)
  4 adders
  A worm (D:3)
  3 orcs
  7 endoplasms
  3 giant cockroaches
  2 goblins
  6 hobgoblins
  A quokka (D:2)
  12 ball pythons
  5 bats
  A frilled lizard (D:3)
  5 kobolds
  6 rats
58 creatures vanquished.

Vanquished Creatures (others)
  2 plants (D:3)
2 creatures vanquished.

Grand Total: 60 creatures vanquished

Notes
Turn   | Place    | Note
-------+----------+-------------------------------------------
     0 | D:1      | Zonian the Djinni Ice Elementalist began the quest for the
                  | Orb.
     0 | D:1      | Zonian set off with the following spells memorised: Freeze,
                  | Frozen Ramparts, Ozocubu's Armour, Summon Ice Beast.
     0 | D:1      | Reached XP level 1. HP: 15/15 MP: 0/0
    52 | D:1      | Found a faded altar of an unknown god.
   206 | D:1      | Reached XP level 2. HP: 20/21 MP: 0/0
   914 | D:2      | Reached XP level 3. HP: 23/25 MP: 0/0
   914 | D:2      | Learned a level 1 spell: Beastly Appendage
  1081 | D:2      | Found Qun Xoff's Antique Weapon Shoppe.
  1598 | D:3      | Reached skill level 4 in Spellcasting
  1598 | D:3      | Reached XP level 4. HP: 20/31 MP: 0/0
  1671 | D:3      | Found an opulent altar of Gozag.
  2609 | D:4      | Reached XP level 5. HP: 24/35 MP: 0/0
  2609 | D:4      | Learned a level 2 spell: Passwall
  2725 | D:4      | Found a runed translucent door.
  2732 | D:4      | Noticed flotson's ghost (amateur DsDe)
  3092 | D:4      | Killed from afar by an orc wizard

Illustrated notes

Levels and vault maps discovered:
D:1:      dpeg_arrival_windows_large_door, layout_basic,
          ebering_ecumenical_altar_rust, st_stairs_1, nrook_mini_backslash,
          kennysheep_doodads
D:2:      layout_loops_cross, serial_shops, shop
D:3:      layout_rooms, mainiacjoe_overflow_brackets, palyth_stone_intersect,
          minmay_shallow_snake_nest
D:4:      layout_basic, ebering_ghost_sewer_f

Skill      XL: |  1  2  3 |
---------------+----------+-----
Spellcasting   | 4 |  4.8
Dodging        | |  2.5
Stealth        | |  1.9

Action                   |  1- 3 |  4- 6 || total
-------------------------+-------+-------++-------
Melee: Unarmed           |     3 |       ||     3
       Dagger            |     6 |    22 ||    28
       Punch             |       |     1 ||     1
 Cast: Freeze            |    45 |    31 ||    76
       Frozen Ramparts   |       |     2 ||     2
 Stab: Sleeping          |       |     1 ||     1
Armor: Robe              |     2 |     9 ||    11
Dodge: Dodged            |    19 |    32 ||    51

Table legend: (Time is in decaauts)
 A = Elapsed time spent in this place.
 B = Non-inter-level travel time spent in this place.
 C = Inter-level travel time spent in this place.
 D = Time resting spent in this place.
 E = Time spent auto-exploring this place.
 F = Levels seen in this place.
 G = Mean time per level.
                   A        B        C        D        E       F      G
               +--------+--------+--------+--------+--------+-----+--------+
         Total |   3091 |   2990 |    101 |    149 |   2347 |   4 |  772.8 |
       Dungeon |   3091 |   2990 |    101 |    149 |   2347 |   4 |  772.8 |
               +--------+--------+--------+--------+--------+-----+--------+

Top non-repeatable levels by time:
     D:1: 910 daAuts
     D:2: 825 daAuts
     D:3: 816 daAuts
     D:4: 539 daAuts
